 Dungeon Crawl Stone Soup version 0.16-a0-119-gc74d62a (webtiles) character file.

26 Ololoev the Chucker (level 3, 0/36 HPs)
             Began as an Ogre Hunter on Aug 12, 2014.
             Slain by Sigmund
             ... wielding a +0 scythe
              (13 damage)
             ... on Level 2 of the Dungeon.
             The game lasted 00:01:46 (1432 turns).

Ololoev the Chucker (Ogre Hunter)                   Turns: 1432, Time: 00:01:46

HP   0/36        AC  3     Str 18      XL: 3   Next:  8%
MP   3/3         EV 10     Int 10      God:
Gold 65          SH  0     Dex 10      Spells:  0 memorised,  2 levels left

rFire  . . .     SeeInvis .     y - +0 whip
rCold  . . .     Clarity  .     d - +0 animal skin
rNeg   . . .     rCorr    .     (shield restricted)
rPois  .         rRot     .     (helmet restricted)
rElec  .         Spirit   .     (no cloak)
SustAb .         Warding  .     (gloves unavailable)
rMut   .         Stasis   .     (boots unavailable)
Gourm  .                        (no amulet)
MR     .....                    (no ring)
                                (no ring)

@: not resistant to hostile enchantments, very unstealthy
A: unfitting armour, tough skin 1
a: no special abilities


You were on level 2 of the Dungeon.
You were hungry.

You visited 1 branch of the dungeon, and saw 2 of its levels.

You collected 65 gold pieces.

Inventory:

Hand weapons
 y - a +0 whip (weapon)
Armour
 d - a +0 animal skin (worn)
Comestibles
 f - 4 meat rations
 n - a bread ration
 s - a beef jerky
 u - a royal jelly
Scrolls
 e - 5 scrolls of noise {unknown}
 g - 5 scrolls of identify {unknown}
 h - 2 scrolls of recharging {unknown}
 i - 3 scrolls of teleportation {unknown}
 j - 3 scrolls of remove curse {unknown}
 k - a scroll of enchant armour {unknown}
 m - a scroll of magic mapping {unknown}
 p - a scroll of fog {unknown}
 q - a scroll of enchant weapon {unknown}
Jewellery
 x - an uncursed ring of poison resistance {unknown}
Potions
 l - a potion of heal wounds {unknown}
 o - a potion of brilliance {unknown}
 r - 2 potions of haste {unknown}
 t - a potion of curing {unknown}
 v - a potion of invisibility {unknown}
 w - a potion of agility {unknown}


   Skills:
 - Level 2.6 Fighting
 * Level 3.1 Maces & Flails
 + Level 4.8 Throwing
 - Level 1.7 Dodging
 - Level 0.7 Stealth


You had 2 spell levels left.
You didn't know any spells.

Dungeon Overview and Level Annotations

Branches:
Dungeon (2/15)

Altars:
Makhleb

Annotations:
D:2 Sigmund


Innate Abilities, Weirdness & Mutations

You are too large for most types of armour.
You have tough skin (AC +1).


Message History

Aim: Sigmund, wielding a scythe and wearing a robe (lightly wounded)
You throw a throwing net.
The throwing net closely misses Sigmund.
Sigmund mumbles some strange words.
Sigmund flickers and vanishes!
Deactivating autopickup; reactivate with Ctrl-A.
You closely miss something. Something hits you.
You closely miss something. You barely miss something.
You hear some strange, mumbled words.
Something tries to affect you, but you resist.
You hit something but do no damage. Something completely misses you.
You barely miss something. Something hits you but does no damage.
You barely miss something. You hit something. Something hits you!
You miss something.
You hear some strange, mumbled words.
The magic dart hits you!
You miss something. Something hits you!
You die...

#.# #.# #.......# #.####
#.######........ #....#
................
##....#####.............##.
#........[..............# #
#.).(.................[.# #
#....).........####.#...# #
#..............# #.#...#
###.......@....# #.#<..#
#..........$.####.#####
#.......(....##...# ###
#............##...#####..
#.......(....##..........
.....(.....##...#####..
.....(....##...# ####
.........#....# #... ...
#....# #.##


There were no monsters in sight!

Vanquished Creatures
  An adder (D:2)
  A goblin (D:1)
  A hobgoblin (D:1)
  A quokka (D:2)
  4 bats
  2 giant cockroaches
  A giant newt (D:1)
  4 kobolds
  2 rats
17 creatures vanquished.

Notes
Turn   | Place    | Note
--------------------------------------------------------------
     0 | D:1      | Ololoev, the Ogre Hunter, began the quest for the Orb.
     0 | D:1      | Reached XP level 1. HP: 22/22 MP: 1/1
   449 | D:1      | Reached XP level 2. HP: 29/29 MP: 2/2
  1122 | D:2      | Reached XP level 3. HP: 31/36 MP: 3/3
  1308 | D:2      | Found a burning altar of Makhleb.
  1411 | D:2      | Noticed Sigmund
  1432 | D:2      | Slain by Sigmund

Action                   || total
-------------------------++-------
Melee: Club              ||    50
       Whip              ||    19
Throw: Large rock        ||     5
       Throwing net      ||     2
 Stab: Sleeping          ||     1
  Eat: Chunk             ||     1
